 Dungeon Crawl Stone Soup version 0.30.1-4-g462c640d31 (webtiles) character file.

Game seed: 1668771749929485246

459 babooboo the Vexing (level 6, 0/72 HPs)
             Began as a Deep Elf Enchanter on Aug 20, 2023.
             Frozen to death by an endoplasm (4 damage)
             ... on level 4 of the Dungeon.
             The game lasted 00:08:59 (4071 turns).

babooboo the Vexing (Deep Elf Enchanter)            Turns: 4071, Time: 00:09:00

Health: 0/72       AC: 23    Str:  5    XL:     6   Next: 78%
Magic:  6/25       EV:  2    Int: 22    God:
Gold:   151        SH:  0    Dex: 15    Spells: 5/16 levels left

rFire   . . .        a - +1 dagger
rCold   . . .        (no shield)
rNeg    . . .        b - melded +0 robe
rPois   +            (helmet currently unavailable)
rElec   .            (cloak currently unavailable)
rCorr   .            (gloves currently unavailable)
SInv    .            (boots currently unavailable)
Will    .....        (no amulet) Stlth
                     s - ring of magical power
HPRegen 0.32/turn    (no ring)
MPRegen 0.19/turn

%: no passive effects
@: berserking (expiring), tree-form, invisible, very quick
A: stationary, stasis, torment immunity, boosted hp
a: no special abilities


You were on level 4 of the Dungeon.
You were a tree.
You visited 1 branch of the dungeon, and saw 4 of its levels.

You collected 151 gold pieces.

Inventory:

Hand Weapons
 a - a +1 dagger (weapon)
 l - a +0 rapier
Armour
 b - a +0 robe (melded)
Magical Staves
 f - a staff of poison
 p - a staff of death
Jewellery
 s - a ring of magical power (left branch)
Wands
 n - a wand of quicksilver (13)
 q - a wand of digging (8)
Scrolls
 g - a scroll of blinking
 t - a scroll of amnesia
Potions
 c - 2 potions of invisibility
 h - a potion of brilliance
 i - a potion of might {unknown}
 j - a potion of cancellation {unknown}
 m - a potion of resistance {unknown}
 o - a potion of heal wounds {unknown}
 r - a potion of flight {unknown}


   Skills:
 * Level 2.0 Short Blades
 - Level 2.4 Dodging
 * Level 6.1 Stealth
 * Level 5.6 Spellcasting
 * Level 2.3 Conjurations
 * Level 6.2 Hexes


You had 5 spell levels left.
You knew the following spells:

 Your Spells              Type           Power      Damage    Failure   Level
a - Ensorcelled Hibernat  Hex/Ice        38%        N/A       4%          2
b - Confusing Touch       Hex            33%        N/A       2%          3
c - Tukima's Dance        Hex            33%        N/A       2%          3
d - Dazzling Flash        Conj/Hex       50%        N/A       4%          3

Your spell library contained the following spells:

 Spells                   Type           Power      Damage    Failure   Level
 Sublimation of Blood     Necr           6%         N/A       14%         2
 Silence                  Hex/Air        9%         N/A       58%         5
 Petrify                  Tmut/Erth      6%         N/A       67%         4
 Irradiate                Conj/Tmut      5%         3d13      86%         5
 Agony                    Necr           6%         N/A       95%         5


Dungeon Overview and Level Annotations

Branches:
Dungeon (4/15)
 Temple: D:4-7

Altars:

Annotations:
D:3 2 runed translucent doors, riellis1's ghost, amateur FoHs
D:4 Ijyb; Menkaure


Message History

You closely miss the hound. The orc hits you with a +0 mace.
* * * LOW HITPOINT WARNING * * *
The hound bites you but does no damage.
The jackal bites you but does no damage.
You miss the hound.
The jackal bites you but does no damage.
The hound bites you but does no damage.
The jackal bites you but does no damage.
The kobold throws a stone.
The stone closely misses the jackal.
The stone hits you but does no damage. The orc hits you with a +0 mace.
* * * LOW HITPOINT WARNING * * *
You barely miss the hound. The hound bites you but does no damage.
The jackal bites you but does no damage.
You closely miss the hound.
The kobold throws a stone.
The stone barely misses the jackal.
The stone hits you but does no damage. The orc hits you but does no damage.
The hound bites you.
* * * LOW HITPOINT WARNING * * *
The jackal bites you.
* * * LOW HITPOINT WARNING * * *
You closely miss the hound. The hound bites you but does no damage.
The orc hits you but does no damage.
The kobold throws a stone.
The stone hits the jackal.
You hit the hound.
The hound is moderately wounded.
The jackal bites you but does no damage.
The hound bites you.
* * * LOW HITPOINT WARNING * * *
You hit the hound.
The hound is moderately wounded.
The jackal bites you but does no damage. x2
The kobold throws a stone.
The stone hits the jackal.
The hound bites you but does no damage.
You closely miss the hound.
The hound is moderately wounded.
The jackal bites you but does no damage.
The hound bites you but does no damage.
You miss the hound.
The hound is moderately wounded.
The endoplasm freezes you.
You die...

##....# ....
##...### ....
##....#### .....
##......###.....
#..........#...
#..............
#####.K............
#..##.how..........
##...hh♣###.........
#......J##.......o..
#........#.........5
#.....#..).........#
#........#.........#
#......###.........#
#.....## #..........
#.....# #.........
#.....# [..5


You could see a worm (wandering, unable to see you), a hound, an orc (unable to
see you), an endoplasm, 2 jackals and a kobold (unable to see you).

Vanquished Creatures
  A black bear (D:3)
  A hound (D:4)
  An orc priest (D:4)
  2 orc wizards (D:4)
  Natasha (thrice) (D:2 D:1)
  2 gnolls (D:4)
  7 adders
  A shadow imp (D:4)
  An ufetubus (D:4)
  An orc (D:4)
  4 ball pythons
  4 endoplasms
  4 giant cockroaches
  4 goblins
  4 hobgoblins
  8 jackals
  8 kobolds
  A quokka (D:2)
  3 bats
  3 frilled lizards
  3 rats
66 creatures vanquished.

Vanquished Creatures (collateral kills)
  An orc priest (D:3)
  3 orcs (D:3)
4 creatures vanquished.

Vanquished Creatures (others)
  2 dancing weapons (D:4)
2 creatures vanquished.

Grand Total: 72 creatures vanquished

Notes
Turn   | Place    | Note
-------+----------+-------------------------------------------
     0 | D:1      | babooboo the Deep Elf Enchanter began the quest for the
                  | Orb.
     0 | D:1      | Reached XP level 1. HP: 10/10 MP: 6/6
   140 | D:1      | Reached XP level 2. HP: 11/15 MP: 8/8
   152 | D:1      | Learned a level 2 spell: Ensorcelled Hibernation
   872 | D:2      | Noticed Natasha
   934 | D:2      | Killed Natasha
   935 | D:2      | Reached XP level 3. HP: 13/19 MP: 4/10
   991 | D:2      | Noticed Natasha
  1004 | D:1      | Killed Natasha
  1005 | D:1      | Reached skill level 5 in Hexes
  1005 | D:1      | Reached XP level 4. HP: 24/24 MP: 7/12
  1464 | D:2      | Reached skill level 5 in Stealth
  2331 | D:1      | Noticed Natasha
  2337 | D:1      | Killed Natasha
  2338 | D:1      | Reached XP level 5. HP: 28/28 MP: 11/14
  2344 | D:1      | Learned a level 3 spell: Confusing Touch
  2348 | D:1      | Learned a level 3 spell: Tukima's Dance
  2463 | D:3      | Learned a level 3 spell: Dazzling Flash
  2519 | D:3      | Found a runed translucent door.
  2528 | D:3      | Noticed riellis1's ghost (amateur FoHs)
  2545 | D:3      | Found a runed translucent door.
  3156 | D:3      | Reached skill level 5 in Spellcasting
  3549 | D:3      | Reached skill level 1 in Conjurations
  3674 | D:3      | Noticed a black bear
  3684 | D:3      | Killed a black bear
  3685 | D:3      | Reached XP level 6. HP: 26/32 MP: 15/15
  3891 | D:4      | Noticed Ijyb
  3916 | D:4      | Noticed Menkaure
  4071 | D:4      | Frozen to death by an endoplasm

Illustrated notes

Levels and vault maps discovered:
D:1:      lemuel_arrival_muddy, layout_rooms, chequers_serial_rivers_room_b,
          minivault_14
D:2:      layout_loops_cross, nicolae_hexahallways, small_statue_intersection,
          uniq_natasha
D:3:      layout_basic, ebering_ghost_sewer_f
D:4:      layout_cave_pods, minmay_shop_grid_forest, minmay_misc_feat_chi,
          minmay_bent, uniq_grinder, uniq_ijyb, uniq_menkaure

Skill      XL: |  1  2  3  4  5  6 |
---------------+-------------------+-----
Stealth        | 4 5 6 |  6.1
Spellcasting   | 4 5 |  5.6
Hexes          | 5 6 |  6.2
Conjurations   | 1 2 |  2.3
Short Blades   | 2 |  2.0
Dodging        | |  2.4

Action                     |  1- 3 |  4- 6 || total
---------------------------+-------+-------++-------
  Melee: Dagger            |    57 |   110 ||   167
         Punch             |     1 |       ||     1
   Cast: Ensorcelled Hiber |    16 |    38 ||    54
         Dazzling Flash    |       |     3 ||     3
         Tukima's Dance    |       |     3 ||     3
         Confusing Touch   |       |     1 ||     1
    Use: Scroll            |     1 |     7 ||     8
         Potion            |       |     5 ||     5
   Stab: Sleeping          |    16 |    21 ||    37
         Invisible         |       |     3 ||     3
 Armour: Robe              |     8 |    23 ||    31
         Skin              |       |    32 ||    32
  Dodge: Dodged            |    33 |    76 ||   109
